 Dungeon Crawl Stone Soup version 0.30-a0-377-g5cb311bc9f (webtiles) character file.

Game seed: 6974209367360660318

15 Shayle the Conjurer (level 2, -10/22 HPs)
             Began as a Demonspawn Reaver on Nov 28, 2022.
             Mangled by Sigmund
             ... wielding a +3 scythe of venom
              (12 damage)
             ... on level 2 of the Dungeon.
             The game lasted 00:02:31 (886 turns).

Shayle the Conjurer (Demonspawn Reaver)              Turns: 886, Time: 00:02:31

Health: -10/22     AC:  6    Str: 12    XL:     2   Next: 34%
Magic:  5/5        EV: 11    Int: 14    God:
Gold:   41         SH:  0    Dex: 11    Spells: 4/5 levels left

rFire   . . .      SeeInvis .    a - +0 hand axe
rCold   . . .      Faith    .    (no shield)
rNeg    . . .      Spirit   .    b - +0 leather armour
rPois   .          Reflect  .    (no helmet)
rElec   .          Harm     .    (no cloak)
rCorr   .          Rampage  .    f - +2 pair of gloves
Will    .....                    (no boots)
Stlth   +.........               (no amulet)
HPRegen 0.23/turn                (no ring)
MPRegen 0.09/turn                (no ring)

@: lethally poisoned (-10 -> -12), flying
A: demonic touch 1
a: no special abilities


You were on level 2 of the Dungeon.
You visited 1 branch of the dungeon, and saw 2 of its levels.

You collected 41 gold pieces.

Inventory:

Hand Weapons
 a - a +0 hand axe (weapon)
Armour
 b - a +0 leather armour (worn)
 f - a +2 pair of gloves (worn)
Scrolls
 d - a scroll of enchant armour
 g - a scroll of summoning


   Skills:
 + Level 2.3 Fighting
 - Level 2.6 Axes
 + Level 2.1 Dodging
 + Level 1.0 Stealth
 + Level 0.0 Unarmed Combat
 - Level 2.0 Spellcasting
 - Level 3.0 Conjurations
 + Level 0.0 Transmutations
 + Level 0.0 Air Magic


You had 4 spell levels left.
You knew the following spells:

 Your Spells              Type           Power      Damage    Failure   Level
a - Kiss of Death         Conj/Necr      20%        2d7       16%         1

Your spell library contained the following spells:

 Spells                   Type           Power      Damage    Failure   Level
 Momentum Strike          Conj/Tloc      10%        3d8       24%         2
 Hailstorm                Conj/Ice       5%         3d4       43%         3


Dungeon Overview and Level Annotations

Branches:
Dungeon (2/15)

Altars:

Annotations:
D:2 Sigmund


Innate Abilities, Weirdness & Mutations

Your touch may inflict minor irresistible damage on your foes.


Message History

You are lethally poisoned!
You climb upwards.
You feel very sick.
There is a stone staircase leading down here.
Okay, then.
There is a lethal amount of poison in your body!
Sorry, you're not good enough to have a special ability.
Unknown command.
It was a potion of flight.
You feel very buoyant.
You fly up into the air.
You feel very sick.
As you read the scroll labelled KEURHO UFEI, it crumbles to dust.
It is a scroll of amnesia.
Really abort (and waste the scroll)? [Y]es or [N]o only, please.
Really abort (and waste the scroll)? [Y]es or [N]o only, please.
Really abort (and waste the scroll)?
Okay, then.
* * * LOW HITPOINT WARNING * * *
You feel sick.
As you read the scroll labelled TONAWA LEVVID, it crumbles to dust.
It is a scroll of identify.
d - a scroll of enchant armour
* * * LOW HITPOINT WARNING * * *
You feel sick.
As you read the scroll of identify, it crumbles to dust.
g - a scroll of summoning
* * * LOW HITPOINT WARNING * * *
You feel sick.
* * * LOW HITPOINT WARNING * * *
You feel sick.
You fly downwards.
Level annotation: Sigmund
* * * LOW HITPOINT WARNING * * *
You feel sick.
Sigmund hits you with a +3 scythe of venom!
Ouch! That really hurt!
You die...

### #####
#...###......
#..@..#
####@>.#
#.....#
#..... .#...
# .. #


You could see Sigmund.

Vanquished Creatures
  A dart slug (D:1)
  A ball python (D:1)
  3 endoplasms (D:1)
  A giant cockroach (D:1)
  A hobgoblin (D:1)
  A kobold (D:1)
  A bat (D:1)
  2 frilled lizards (D:1)
  A goblin (D:1)
12 creatures vanquished.

Notes
Turn   | Place    | Note
-------+----------+-------------------------------------------
     0 | D:1      | Shayle the Demonspawn Reaver began the quest for the Orb.
     0 | D:1      | Reached XP level 1. HP: 16/16 MP: 3/3
   264 | D:1      | Gained mutation: Your touch may inflict minor irresistible
                  | damage on your foes. [demonic ancestry]
   264 | D:1      | Reached XP level 2. HP: 18/22 MP: 5/5
   665 | D:1      | Reached skill level 1 in Stealth
   878 | D:2      | Noticed Sigmund
   886 | D:2      | Mangled by Sigmund

Illustrated notes

Levels and vault maps discovered:
D:1:      roderic_dead_forest, layout_basic
D:2:      layout_rooms, serial_shops, nicolae_shop_trees,
          nicolae_shop_waterfront, nicolae_shop_crystal,
          nicolae_shop_bloodbath_and_beyond, nicolae_diamond_shop, uniq_sigmund

Skill      XL: |  1  2 |
---------------+-------+-----
Dodging        | 2 |  2.1
Stealth        | 1 |  1.0
Fighting       | |  2.3
Axes           | |  2.6
Spellcasting   | |  2.0
Conjurations   | |  3.0

Action                   || total
-------------------------++-------
Melee: Hand axe          ||    41
       Punch             ||     1
       Touch             ||     2
  Use: Scroll            ||     3
       Potion            ||     1
Armor: Leather armour    ||    12
Dodge: Dodged            ||    22

Table legend: (Time is in decaauts)
 A = Elapsed time spent in this place.
 B = Non-inter-level travel time spent in this place.
 C = Inter-level travel time spent in this place.
 D = Time resting spent in this place.
 E = Time spent auto-exploring this place.
 F = Levels seen in this place.
 G = Mean time per level.
                   A        B        C        D        E       F      G
               +--------+--------+--------+--------+--------+-----+--------+
         Total |    892 |    850 |     42 |     24 |    701 |   2 |  446.0 |
       Dungeon |    892 |    850 |     42 |     24 |    701 |   2 |  446.0 |
               +--------+--------+--------+--------+--------+-----+--------+

Top non-repeatable levels by time:
     D:1: 891 daAuts
     D:2: 1 daAuts
